cohdb
Replays
Latest Replays
All Replays
Popular Replays
Top Player Replays
Match Explorer
How It Works
Community
CoH3 Stats
Reddit
Sign in to upload your games and track your stats! →
Sign in with Steam
Match 43304381
Unlisted
Match 43304381
Overview
Messages
Build Orders
End
Pioneer Squad
Construct Infanterie Kompanie
Selects Terror Battlegroup
Selects Machine Gun Camouflage
MG 42 Machine Gun Team
MG 42 Machine Gun Team
Grenadier Squad
Grenadier Squad
Medical Station
Construct Luftwaffe Kompanie
Selects Interrogate
Jäger Squad
Medical Bunker
Jäger Squad
Flak 30 Anti-aircraft Gun Team
Construct Panzer Kompanie
Sturmpanzer IV Brummbär
Panzer Officer Quarters
Panzer IV Medium Tank
Selects Jericho Trumpet
Selects V1 Rocket Strike
V1 Rocket Strike
Panzer IV Medium Tank
Selects No Quarter
Jericho Trumpet
Ra11
aSIINiedi
VonManteuffel
Heartless Jäger
0
0
Comments
sign in to comment!
No comments posted yet!